 Dungeon Crawl Stone Soup version 0.28.0-1-gb440e238dd (webtiles) character file.

Game seed: 15533920887777241960

85232 Crownlay the Warrior (level 15, -23/141 HPs)
             Began as a Minotaur Gladiator on Feb 20, 2022.
             Was a High Priest of Okawaru.
             Annihilated by a white very ugly thing (40 damage)
             ... in an ice cave.
             The game lasted 01:09:59 (26193 turns).

Crownlay the Warrior (Minotaur Gladiator)          Turns: 26193, Time: 01:09:59

Health: -23/141    AC: 29    Str: 29    XL:     15   Next: 37%
Magic:  16/23      EV: 11    Int: 10    God:    Okawaru [*****.]
Gold:   2833       SH:  8    Dex: 11    Spells: 14/14 levels left

rFire   . . .      SeeInvis .   J - +10 short sword of the Last Servitors {vorpal, rPois Will+}
rCold   . . .      Faith    .   o - +2 buckler {reflect}
rNeg    . . .      Spirit   .   A - +2 plate armour of Husuoj {Str+2 Int+5}
rPois   +          Reflect  +   c - +0 hat
rElec   .          Harm     .   l - +2 cloak {rCorr}
rCorr   +          Rampage  +   r - +1 pair of gloves {Stlth+}
Will    +++..                   i - +2 pair of boots {rampage}
Stlth   ..........              T - amulet of regeneration
HPRegen 1.13/turn               t - +4 ring of slaying
MPRegen 0.18/turn               V - ring of willpower

@: heroic
A: horns 2, retaliatory headbutt
a: Renounce Religion, Heroism, Finesse, Duel


You were in an ice cave.
You worshipped Okawaru.
Okawaru was extremely pleased with you.
You visited 3 branches of the dungeon, and saw 22 of its levels.
You also visited: Ossuary, Gauntlet and Ice Cave.

You collected 3330 gold pieces.
You spent 497 gold pieces at shops.

Inventory:

Hand Weapons
 h - the +8 halberd of Xaga Ism {spect, rF+ Dex+2}
   (Okawaru gifted it to you in an ice cave)

   When its wielder attacks, the weapon's spirit leaps out and strikes again.
   The spirit shares a part of any damage it takes with its wielder.
   Dex:       It affects your dexterity (+2).
   rF:        It protects you from fire.
 J - the +10 short sword of the Last Servitors (weapon) {vorpal, rPois Will+}
   (You found it on level 7 of the Dungeon)

   It inflicts extra damage upon your enemies.
   rPois:     It protects you from poison.
   Will:      It increases your willpower.
Missiles
 C - 2 silver javelins (quivered)
 G - 13 boomerangs
 O - 8 atropa-tipped darts
 P - 12 curare-tipped darts
 R - 2 throwing nets
 W - 6 boomerangs of dispersal
 Y - 8 silver boomerangs
Armour
 c - a +0 hat (worn)
 i - a +2 pair of boots of rampaging (worn)
 l - a +2 cloak of preservation (worn)
 o - a +2 buckler of reflection (worn)
 r - a +1 pair of gloves of stealth (worn)
 A - the +2 plate armour of Husuoj (worn) {Str+2 Int+5}
   (You found it on level 5 of the Dungeon)

   Str:       It affects your strength (+2).
   Int:       It affects your intelligence (+5).
Jewellery
 a - the ring of the Chupacabra {Fly rC+ Int+5 Dex+6}
   (You found it on level 13 of the Dungeon)

   [ring of flight]

   Int:       It affects your intelligence (+5).
   Dex:       It affects your dexterity (+6).
   rC:        It protects you from cold.
   Fly:       It grants you flight.
 t - a +4 ring of slaying (left hand)
 w - the ring "Ukuzuedu" {EV+4 Dex+2}
   (You found it in a Gauntlet)

   [ring of evasion]

   EV:        It affects your evasion (+4).
   Dex:       It affects your dexterity (+2).
 T - an amulet of regeneration (around neck)
 V - a ring of willpower (right hand)
 Z - the ring of Jiculierph {rPois rF+}
   (You found it in a Gauntlet)

   [ring of poison resistance]

   rF:        It protects you from fire.
   rPois:     It protects you from poison.
Wands
 m - a wand of digging (15)
Scrolls
 b - 3 scrolls of magic mapping
 e - 2 scrolls of silence
 f - 7 scrolls of teleportation
 j - 8 scrolls of amnesia
 u - 4 scrolls of fog
 y - 4 scrolls of enchant weapon
 D - 3 scrolls of blinking
 S - 2 scrolls of fear
Potions
 d - 2 potions of ambrosia
 g - 2 potions of haste
 k - 5 potions of heal wounds
 n - 16 potions of curing
 p - 2 potions of magic
 q - 2 potions of invisibility
 s - 4 potions of brilliance
 v - 2 potions of mutation
 z - 7 potions of flight
 E - 3 potions of resistance
 H - a potion of attraction {unknown}
 K - a potion of cancellation {unknown}
 X - 2 potions of might {unknown}
Miscellaneous
 U - a phial of floods


   Skills:
 - Level 15.5(20.5) Fighting
 - Level 12.0(17.0) Short Blades
 * Level 12.3(17.3) Polearms
 * Level 11.5(16.5) Throwing
 + Level 11.2(16.2) Armour
 - Level 3.2(8.2) Dodging
 - Level 6.3(11.3) Shields
 + Level 13.1 Invocations


You had 14 spell levels left.
You didn't know any spells.
Your spell library contained the following spells:

 Spells                   Type           Power      Damage    Failure   Level
 Apportation              Tloc           0%         N/A       94%         1
 Corpse Rot               Necr/Air       0%         N/A       98%         2
 Sublimation of Blood     Necr           0%         N/A       98%         2
 Dispel Undead            Necr           0%         3d6       100%        4
 Passage of Golubria      Tloc           0%         N/A       100%        4
 Petrify                  Tmut/Erth      0%         N/A       100%        4
 Irradiate                Conj/Tmut      0%         3d13      100%        5
 Silence                  Hex/Air        0%         N/A       100%        5
 Conjure Ball Lightning   Conj/Air       0%         3x3d6     100%        6
 Borgnjor's Revivificati  Necr           0%         N/A       100%        8
 Lehudib's Crystal Spear  Conj/Erth      0%         10d2      100%        8
 Necromutation            Tmut/Necr      0%         N/A       100%        8
 Death's Door             Necr           0%         N/A       100%        9
 Animate Skeleton         Necr           Unusable   N/A       N/A         1
 Summon Small Mammal      Summ           Unusable   N/A       N/A         1
 Summon Ice Beast         Ice/Summ       Unusable   N/A       N/A         4
 Summon Lightning Spire   Summ/Air       Unusable   N/A       N/A         4
 Death Channel            Necr           Unusable   N/A       N/A         6

Dungeon Overview and Level Annotations

Branches:
Dungeon (14/15)            Temple (0/1) D:6            Lair (6/6) D:10
 Shoals (0/4) Lair:2        Snake (0/4) Lair:3        Slime (0/5) Lair:6
    Orc (2/2) D:12            Elf (0/3) Orc:2        Vaults (0/5) D:13
Ossuary (visited)           IceCv (1/1)             Gauntlet (visited)

Altars:
Okawaru
Ru
Sif Muna
Wu Jian
Yredelemnul
Beogh

Shops:
D:4 !   Orc:2 [(=*

Annotations:
D:4 2 transporters, Edwards80's ghost, novice HOFE


Innate Abilities, Weirdness & Mutations

You have a pair of horns on your head.
You reflexively headbutt those who attack you in melee.


Message History

The caustic shrike simulacrum is heavily damaged.
The javelin barely misses the white very ugly thing.
You block the caustic shrike simulacrum's attack.
Throw: 5 javelins (silver)
Press: ? - help, Q - select action, (/) - cycle Shift-Dir - straight line, f - freezing wraith, p - white very ugly thing
Aim: a freezing wraith (severely damaged, 75% to hit)
You throw a silver javelin.
The silver javelin pierces through the caustic shrike simulacrum but does no damage.
The caustic shrike simulacrum is heavily damaged.
The silver javelin completely misses the freezing wraith.
You block the caustic shrike simulacrum's attack.
Throw: 4 javelins (silver)
Press: ? - help, Q - select action, (/) - cycle Shift-Dir - straight line, f/p - freezing wraith
Aim: a freezing wraith (severely damaged, 75% to hit)
You throw a silver javelin.
The silver javelin pierces through the caustic shrike simulacrum!
The caustic shrike simulacrum is almost destroyed.
The silver javelin pierces through the freezing wraith!!
You destroy the freezing wraith!
Okawaru accepts your kill.
The caustic shrike simulacrum claws you!
The caustic shrike simulacrum freezes you!!
* * * LOW HITPOINT WARNING * * *
Throw: 3 javelins (silver)
Press: ? - help, Q - select action, (/) - cycle Shift-Dir - straight line, f - white very ugly thing
Aim: a white very ugly thing (moderately wounded, 75% to hit, chaotic)
Okay, then.
You feel much better.
Throw: 3 javelins (silver)
Press: ? - help, Q - select action, (/) - cycle Shift-Dir - straight line, f - white very ugly thing
Aim: a white very ugly thing (moderately wounded, 75% to hit, chaotic)
You throw a silver javelin.
The silver javelin pierces through the white very ugly thing!
The silver sears the white very ugly thing!
The white very ugly thing is heavily wounded.
The silver javelin closely misses the caustic shrike simulacrum.
The white very ugly thing punches you!
* * * LOW HITPOINT WARNING * * *
The white very ugly thing freezes you!!!
You die...

##.÷.##
##.##
##...##
##.....##
#.......#
#.......#
#).....)#
#?.....[#
#.[.@.(.#
####u####
#..°Z...#
#.......#
#.......#
#..(....#
#((....(#
##..(..##
##...##


You could see a white very ugly thing and a caustic shrike simulacrum.

Vanquished Creatures
  An orc warlord (Orc:2)
  A very ugly thing (IceCv)
  Nessos (D:13)
  A minotaur (Gauntlet)
  The ghost of Megustar the Cleaver, a journeyman GrBe of Trog (D:13)
  A vault guard (D:13)
  The ghost of Dikli the Blocker, a journeyman MiBe of Trog (Lair:3)
  2 boulder beetles
  6 hydras
  Erolcha (D:13)
  Harold (Orc:1)
  2 caustic shrike simulacra (IceCv)
  2 centaur warriors
  6 two-headed ogres
  A tengu warrior (D:13)
  An orc high priest (Orc:2)
  Nergalle (Lair:2)
  Sonja (Lair:5)
  The ghost of Caczuus the Covert, a novice SpEE of Ashenzari (Lair:1)
  A fire crab (Lair:6)
  A deep troll (D:10)
  2 orange crystal statues (IceCv)
  A wizard (D:14)
  5 orc knights
  3 harpies (D:13)
  3 deep elf pyromancers
  4 ugly things
  2 wolf spiders
  2 orc sorcerers (Orc:2)
  2 manticores
  4 cyclopes
  9 black mambas
  2 ice statues (D:14)
  A moth of wrath (Gauntlet)
  4 elephants
  Maurice (Orc:2)
  A torpor snail (Lair:2)
  11 cane toads
  A yaktaur (D:10)
  Psyche (D:8)
  A gargoyle (D:10)
  11 komodo dragons
  Maggie (Lair:1)
  An efreet (D:11)
  2 unseen horrors
  3 freezing wraiths (IceCv)
  2 rime drakes
  A golden dragon simulacrum (IceCv)
  3 meliai (D:14)
  A tyrant leech (Gauntlet)
  4 hornets (Lair:6)
  11 trolls
  4 polar bears
  A slime creature (D:10)
  A blink frog (shapeshifter) (D:13)
  14 blink frogs
  8 dream sheep (Lair:6)
  3 wyverns
  A shadow (D:12)
  16 spriggans
  3 wraiths
  A dire elephant simulacrum (IceCv)
  43 yaks
  4 basilisks
  3 redbacks (Gauntlet)
  A steam dragon (D:8)
  4 swamp worms (Gauntlet)
  2 wargs
  2 harpy simulacra (IceCv)
  3 nagas (Lair:3)
  3 acid dragons
  5 hydra simulacra (IceCv)
  15 water moccasins
  An ice beast (D:5)
  A necrophage (D:7)
  A black bear (shapeshifter) (D:10)
  3 boggarts (Lair:6)
  4 black bears
  An ettin simulacrum (IceCv)
  3 alligator simulacra (IceCv)
  26 orc warriors
  27 wolves
  11 ogres
  13 centaurs
  A phantom (D:5)
  A kobold brigand (D:9)
  6 elf zombies (Ossuary)
  A wyvern zombie (D:7)
  12 bullfrogs
  3 scorpions
  3 gnoll sergeants
  A wyvern skeleton (D:7)
  7 killer bees
  A lindwurm simulacrum (IceCv)
  2 electric eels (Lair:4)
  8 howler monkeys
  A bullfrog zombie (D:5)
  8 centaur zombies
  4 human zombies (Ossuary)
  12 jellies (Lair:6)
  15 orc priests
  A hound (D:6)
  12 iguanas
  22 orc wizards
  A killer bee zombie (D:7)
  4 mummies
  Robin (D:2)
  2 howler monkey zombies (D:9)
  14 gnolls
  10 adders
  3 white imps
  2 ufetubi
  An adder zombie (D:5)
  2 dart slugs
  55 orcs
  6 bats
  4 endoplasms
  4 giant cockroaches
  15 goblins
  7 hobgoblins
  4 jackals
  8 kobolds
  A quokka (D:3)
  5 ball pythons
  21 frilled lizards
  3 rats
656 creatures vanquished.

Vanquished Creatures (others)
  A shadow (D:11)
  2 bushes (Lair:4)
  82 fungi
  114 plants
199 creatures vanquished.

Grand Total: 855 creatures vanquished

Notes
Turn   | Place    | Note
-------+----------+-------------------------------------------
     0 | D:1      | Crownlay the Minotaur Gladiator began the quest for the
                  | Orb.
     0 | D:1      | Reached XP level 1. HP: 18/18 MP: 0/0
   109 | D:1      | Reached XP level 2. HP: 25/25 MP: 1/1
   114 | D:1      | Found a faded altar of an unknown god.
   130 | D:1      | Prayed at the altar of an unknown god.
   130 | D:1      | Became a worshipper of Warmaster Okawaru
   130 | D:1      | Reached * piety under Okawaru
   564 | D:1      | Reached skill level 3 in Fighting
   659 | D:1      | Reached XP level 3. HP: 12/31 MP: 2/2
  1196 | D:2      | Noticed Robin
  1209 | D:2      | Reached skill level 1 in Shields
  1212 | D:2      | Killed Robin
  1213 | D:2      | Reached skill level 1 in Invocations
  1217 | D:2      | Reached XP level 4. HP: 17/38 MP: 3/3
  1219 | D:2      | Reached skill level 5 in Polearms
  2891 | D:4      | Noticed a scorpion
  2910 | D:4      | Killed a scorpion
  2911 | D:4      | Reached XP level 5. HP: 32/46 MP: 5/5
  3096 | D:4      | Found Viogh's Distillery.
  3109 | D:4      | Bought a potion of curing for 42 gold pieces
  3109 | D:4      | Bought 2 potions of degeneration for 28 gold pieces
  3109 | D:4      | Bought a potion of lignification for 42 gold pieces
  3220 | D:4      | Found a transporter.
  3251 | D:4      | Noticed Edwards80's ghost (novice HOFE)
  3299 | D:4      | Found a transporter.
  3610 | D:5      | Entered Level 5 of the Dungeon
  3628 | D:5      | Identified the +2 plate armour of Husuoj {Str+2 Int+5}
  3651 | D:5      | Noticed an ogre
  3660 | D:5      | Killed an ogre
  3661 | D:5      | Reached skill level 4 in Fighting
  3661 | D:5      | Reached XP level 6. HP: 52/52 MP: 6/6
  3822 | D:5      | Reached skill level 1 in Armour
  3886 | D:5      | Reached ** piety under Okawaru
  4044 | D:5      | Found a sand-covered staircase.
  4055 | Ossuary  | Entered an ossuary
  4140 | Ossuary  | Reached XP level 7. HP: 50/60 MP: 6/8
  4303 | Ossuary  | Reached skill level 5 in Fighting
  4413 | Ossuary  | Reached *** piety under Okawaru
  4428 | Ossuary  | Reached XP level 8. HP: 63/68 MP: 9/9
  5737 | D:6      | Reached skill level 6 in Fighting
  5997 | D:6      | Found a staircase to the Ecumenical Temple.
  6792 | D:7      | Reached skill level 5 in Armour
  7150 | D:7      | Reached XP level 9. HP: 66/78 MP: 11/11
  7326 | D:7      | Identified the +10 short sword of the Last Servitors
                  | {vorpal, rPois Will+}
  7486 | D:7      | Reached skill level 5 in Invocations
  7607 | D:7      | Reached skill level 10 in Polearms
  8096 | D:8      | Reached **** piety under Okawaru
  8096 | D:8      | Received a gift from Okawaru
  8104 | D:8      | Reached skill level 7 in Fighting
  8742 | D:8      | Noticed Psyche
  8760 | D:8      | Killed Psyche
  8905 | D:8      | Got the Catalogue of Congealing Lightness
  9247 | D:8      | Found a shimmering blue altar of Sif Muna.
  9248 | D:8      | Found an ornate altar of the Wu Jian Council.
  9250 | D:8      | Found a basalt altar of Yredelemnul.
  9251 | D:8      | Found a sacrificial altar of Ru.
  9289 | D:9      | Noticed a two-headed ogre
  9299 | D:9      | Killed a two-headed ogre
  9301 | D:9      | Received a gift from Okawaru
  9302 | D:9      | Reached skill level 8 in Fighting
  9302 | D:9      | Reached XP level 10. HP: 51/88 MP: 13/13
 10040 | D:9      | Reached ***** piety under Okawaru
 10487 | D:10     | Entered Level 10 of the Dungeon
 10564 | D:10     | Reached skill level 9 in Fighting
 10574 | D:10     | Found a staircase to the Lair.
 11023 | D:10     | Noticed a wolf spider
 11023 | D:10     | Noticed a six-headed hydra
 11023 | D:10     | Noticed a cyclops
 11066 | D:10     | Killed a wolf spider
 11066 | D:10     | Identified the +0 scale mail of Piunneo {-Cast rC+++ Dex-4
                  | SInv} (Okawaru gifted it to you on level 10 of the Dungeon)
 11066 | D:10     | Received a gift from Okawaru
 11067 | D:10     | Reached XP level 11. HP: 88/99 MP: 15/15
 11072 | D:10     | Reached skill level 10 in Fighting
 11650 | D:10     | Noticed a two-headed ogre
 11657 | D:10     | Killed a two-headed ogre
 11658 | D:10     | Reached skill level 1 in Short Blades
 11660 | D:10     | Noticed a two-headed ogre
 11697 | D:10     | Killed a two-headed ogre
 11809 | D:10     | Noticed a brown ugly thing
 11844 | D:10     | Killed a brown ugly thing
 12185 | D:10     | Killed a six-headed hydra
 12186 | D:10     | Reached skill level 10 in Armour
 12425 | D:10     | Noticed a deep troll
 12435 | D:10     | Killed a deep troll
 12436 | D:10     | Reached skill level 11 in Fighting
 12872 | D:11     | Noticed a two-headed ogre
 12879 | D:11     | Killed a two-headed ogre
 12924 | D:11     | Noticed a cyan ugly thing
 12938 | D:11     | Killed a cyan ugly thing
 12957 | D:11     | Received a gift from Okawaru
 12958 | D:11     | Reached skill level 5 in Short Blades
 12997 | D:11     | Noticed a boulder beetle
 13215 | D:11     | Killed a boulder beetle
 13216 | D:11     | Reached XP level 12. HP: 24/112 MP: 18/18
 13329 | D:11     | Reached skill level 12 in Fighting
 13329 | D:11     | Noticed a centaur warrior
 13391 | D:11     | Reached skill level 10 in Invocations
 13512 | D:11     | Killed a centaur warrior
 14384 | D:12     | Noticed an eight-headed hydra
 14391 | D:12     | Killed an eight-headed hydra
 14391 | D:12     | Received a gift from Okawaru
 14661 | D:12     | Noticed a two-headed ogre
 14673 | D:12     | Killed a two-headed ogre
 14673 | D:12     | Reached ****** piety under Okawaru
 14826 | D:12     | Reached skill level 13 in Fighting
 14990 | D:12     | Noticed a two-headed ogre
 14999 | D:12     | Killed a two-headed ogre
 14999 | D:12     | Identified the +1 scale mail "Wecoamy" {Str+4} (Okawaru
                  | gifted it to you on level 12 of the Dungeon)
 14999 | D:12     | Received a gift from Okawaru
 15187 | D:12     | Found a staircase to the Orcish Mines.
 15269 | Lair:1   | Entered Level 1 of the Lair of Beasts
 15292 | Lair:1   | Found a large runed translucent door.
 15292 | Lair:1   | Found a large runed translucent door.
 15832 | Lair:1   | Reached XP level 13. HP: 113/122 MP: 20/20
 15889 | Lair:1   | Noticed Maggie
 15899 | Lair:1   | Killed Maggie
 15999 | Lair:1   | Reached skill level 5 in Throwing
 16363 | Lair:1   | Noticed Caczuus's ghost (novice SpEE)
 16425 | Lair:1   | Killed Caczuus's ghost
 16671 | Lair:2   | Found a staircase to the Shoals.
 17113 | Lair:2   | Noticed Nergalle
 17127 | Lair:2   | Killed Nergalle
 17614 | Lair:3   | Found a staircase to the Snake Pit.
 17627 | Lair:3   | Reached skill level 10 in Short Blades
 17835 | Lair:3   | Received a gift from Okawaru
 17877 | Lair:3   | You fall into a shaft and drop 3 floors!
 17877 | Lair:6   | Entered Level 6 of the Lair of Beasts
 17959 | Lair:6   | Found a staircase to the Slime Pits.
 18003 | Lair:6   | Received a gift from Okawaru
 18139 | Lair:6   | Identified the +0 halberd of Rurukh {vorpal, rElec rN+
                  | Will+ Dex+2} (Okawaru gifted it to you on level 6 of the
                  | Lair of Beasts)
 18139 | Lair:6   | Received a gift from Okawaru
 18269 | Lair:6   | Reached skill level 14 in Fighting
 18541 | Lair:5   | Noticed Sonja
 18577 | Lair:5   | Killed Sonja
 18857 | Lair:3   | Found a runed translucent door.
 18857 | Lair:3   | Noticed Dikli's ghost (journeyman MiBe)
 18878 | Lair:3   | Received a gift from Okawaru
 19208 | Lair:3   | Reached XP level 14. HP: 79/132 MP: 21/21
 19426 | Lair:3   | Killed Dikli's ghost
 21014 | Lair:6   | Received a gift from Okawaru
 21155 | Lair:6   | Received a gift from Okawaru
 21314 | Lair:6   | Received a gift from Okawaru
 22156 | D:4      | Bought a potion of ambrosia for 112 gold pieces
 22156 | D:4      | Bought a potion of heal wounds for 70 gold pieces
 22156 | D:4      | Bought a potion of heal wounds for 70 gold pieces
 22399 | Orc:1    | Entered Level 1 of the Orcish Mines
 22678 | Orc:1    | Noticed Harold
 22727 | Orc:1    | Killed Harold
 23057 | Orc:2    | Entered Level 2 of the Orcish Mines
 23062 | Orc:2    | Noticed Maurice
 23081 | Orc:2    | Found a gate leading to a gauntlet.
 23095 | Orc:2    | Received a gift from Okawaru
 23102 | Orc:2    | Killed Maurice
 23120 | Gauntlet | Entered a Gauntlet
 23120 | Gauntlet | Found a transporter.
 23120 | Gauntlet | Found a runed translucent door.
 23120 | Gauntlet | Found a transporter.
 23126 | Gauntlet | Found a transporter.
 23139 | Gauntlet | Found a transporter.
 23157 | Gauntlet | Found a transporter.
 23157 | Gauntlet | Found a transporter.
 23159 | Gauntlet | Found a transporter.
 23159 | Gauntlet | Found a transporter.
 23160 | Gauntlet | Found a transporter.
 23172 | Gauntlet | Found a transporter.
 23187 | Gauntlet | Found a runed translucent gate.
 23188 | Gauntlet | Found a transporter.
 23188 | Gauntlet | Found a runed translucent gate.
 23189 | Gauntlet | Found a runed translucent gate.
 23195 | Gauntlet | Found a runed translucent door.
 23199 | Gauntlet | Found a transporter.
 23212 | Gauntlet | Found a transporter.
 23232 | Gauntlet | Found a transporter.
 23240 | Gauntlet | Found a runed translucent door.
 23472 | Gauntlet | Identified the +0 pair of boots of Avozxel {Harm Str+2
                  | Int-3}
 23509 | Gauntlet | Reached skill level 10 in Throwing
 23554 | Gauntlet | Identified the ring of Jiculierph {rPois rF+}
 23656 | Gauntlet | Identified the ring "Ukuzuedu" {EV+4 Dex+2}
 23918 | Orc:2    | Reached skill level 15 in Fighting
 23932 | Orc:2    | Received a gift from Okawaru
 24032 | Orc:2    | Reached skill level 5 in Shields
 24092 | Orc:2    | Noticed an orc warlord
 24105 | Orc:2    | Killed an orc warlord
 24113 | Orc:2    | Found Mopeizedwe's Jewellery Emporium.
 24135 | Orc:2    | Found Qemigequse's Antique Armour Emporium.
 24189 | Orc:2    | Found Nuiss's General Store.
 24262 | Orc:2    | Bought a scroll of blinking for 105 gold pieces
 24262 | Orc:2    | Bought a scroll of identify for 28 gold pieces
 24262 | Orc:2    | Identified a scroll of acquirement
 24367 | Orc:2    | Found Detecs's Antique Weapon Emporium.
 24451 | Orc:2    | Found a staircase to the Elven Halls.
 24650 | Orc:2    | Acquired 1125 gold pieces
 24783 | D:13     | Noticed Erolcha
 24795 | D:13     | Killed Erolcha
 24949 | D:13     | Reached XP level 15. HP: 103/141 MP: 23/23
 25132 | D:13     | Noticed Nessos
 25141 | D:13     | Killed Nessos
 25275 | D:13     | Found a gate to the Vaults.
 25350 | D:13     | Found a runed translucent gate.
 25350 | D:13     | Found a runed translucent gate.
 25351 | D:13     | Found a runed translucent gate.
 25354 | D:13     | Noticed Megustar's ghost (journeyman GrBe)
 25565 | D:13     | Found an iron altar of Okawaru.
 25617 | D:13     | Killed Megustar's ghost
 25804 | D:13     | Identified the ring of the Chupacabra {Fly rC+ Int+5 Dex+6}
 25806 | D:13     | Identified the +2 lajatang of Distant Shores {drain, rPois
                  | rF- Str+6}
 25839 | D:14     | Found a frozen archway.
 25892 | IceCv    | Entered an ice cave
 25899 | IceCv    | Identified the +8 halberd of Xaga Ism {spect, rF+ Dex+2}
                  | (Okawaru gifted it to you in an ice cave)
 25899 | IceCv    | Received a gift from Okawaru
 26193 | IceCv    | Annihilated by a white very ugly thing

Illustrated notes

Levels and vault maps discovered:
D:1:      denvon_arrival_planthouse, layout_loops_ring, serial_forest,
          infiniplex_forest_clump_diagonal, infiniplex_forest_lined_ring,
          infiniplex_forest_straight_4, infiniplex_forest_straight_2,
          infiniplex_forest_end_2, hellmonk_ecumenical_altar_arch_garden
D:2:      minmay_alternating_diamond, layout_rooms, uniq_robin
D:3:      layout_basic, serial_rivers, chequers_serial_rivers_small_a,
          chequers_serial_rivers_small_3, chequers_serial_rivers_micro_e,
          chequers_serial_rivers_room_a, fountainhead, minivault_14
D:4:      layout_basic, serial_shops, nicolae_stop_n_shop_2,
          gammafunk_ghost_stat_death
D:5:      layout_basic, gup_ossuary_entry_pyramid
D:6:      layout_basic, minmay_temple_entry_poolview, lightli_corner_chamber
D:7:      layout_basic
D:8:      layout_cave_pools, minitemple, minmay_misc_feat_four_crosses,
          kennysheep_minor_cross, uniq_psyche
D:9:      layout_loops_ring, serial_aquarium, aquarium_bridge_straight
          [aquarium_subvault_bridge, aquarium_subvault_wall,
          aquarium_subvault_bridge, aquarium_subvault_window],
          aquarium_window_fake, aquarium_window_3, aquarium_window_1,
          aquarium_view_2d, aquarium_pool_2, minmay_misc_feat_hallway
D:10:     minmay_shrinking_squares, layout_stronghold,
          due_lair_maze_entry_diamond, minmay_mirror_moons_of_madness
D:11:     minmay_wavy_crystal, layout_basic, minmay_shattered_shrine
D:12:     layout_loops_ring, orc_0_dummy
D:13:     layout_roguey, david_vaults_5, gammafunk_ghost_fury_of_okawaru,
          uniq_nessos, uniq_erolcha
D:14:     minmay_bubble_buster, layout_loops_corners, fountainhead,
          portal_ice_cave_entry_ice_statue_two, chequers_serial_rivers_marsh,
          kennysheep_doodads, uniq_kirke, uniq_josephine
Lair:1:   layout_cave_pods, ebering_ghost_disaster_area, beast_lair_carwin_6,
          lemuel_fruit_fields, uniq_maggie
Lair:2:   layout_loops_ring, minmay_shoals_entry_centaurs, minivault_23,
          serial_bayou_shore_b, uniq_nergalle
Lair:3:   lemuel_reptile_caves, layout_misc_corridors,
          guppyfry_snake_entry_garden, hellmonk_ghost_happy_afterlife
Lair:4:   layout_long_grid, serial_bayou_ford_a, st_stairs_4,
          chequers_serial_rivers_small_3, grunt_forest_stairs_clearing
Lair:5:   layout_roguey, uniq_sonja
Lair:6:   minmay_lair_end_enchanted_forest, layout_loops_ring,
          minmay_slime_entry_jelly_boxes
Orc:1:    layout_diamond_mine, nicolae_orc_bridge_out, uniq_harold
Orc:2:    grunt_orc_cross, layout_diamond_mine, gauntlet_entry_generic,
          basic_altar, uniq_maurice
IceCv:    ice_cave_statue_garden_chambered

Skill      XL: |  1  2  3  4  5  6  7  8  9 10 11 12 13 14 15 |
---------------+----------------------------------------------+-----
Polearms       | 4 5 6 7 9 11 12 | 12.3
Fighting       | 3 4 5 6 8 9 11 13 14 15 | 15.5
Shields        | 1 2 3 4 5 6 |  6.3
Invocations    | 1 2 3 4 6 7 9 11 12 13 | 13.1
Armour         | 1 3 5 6 9 10 11 | 11.2
Short Blades   | 5 8 11 12 | 12.0
Throwing       | 4 8 10 11 | 11.5
Dodging        | |  3.2

Action                   |  1- 3 |  4- 6 |  7- 9 | 10-12 | 13-15 || total
-------------------------+-------+-------+-------+-------+-------++-------
Melee: Trident           |    64 |   165 |   272 |       |       ||   501
       Headbutt          |     4 |    14 |    68 |   139 |   244 ||   469
       Short sword       |       |       |    78 |   601 |  1064 ||  1743
Throw: Throwing net      |       |     2 |     3 |     6 |       ||    11
       Javelin           |       |       |    19 |    43 |   111 ||   173
       Dart              |       |       |       |     1 |     6 ||     7
Invok: Heroism           |       |       |       |     8 |    23 ||    31
       Finesse           |       |       |       |     2 |     6 ||     8
Evoke: Wand              |       |       |       |     2 |       ||     2
  Use: Scroll            |       |     5 |     8 |     3 |    17 ||    33
       Potion            |       |       |       |       |     4 ||     4
 Stab: Sleeping          |     2 |     1 |       |       |       ||     3
       Held in net/web   |       |     2 |       |       |       ||     2
Armor: Leather armour    |    18 |    11 |       |       |       ||    29
       Plate armour      |       |    39 |   177 |   375 |   462 ||  1053
Dodge: Dodged            |    34 |    42 |    67 |   216 |   293 ||   652
Block: Buckler           |     6 |    11 |    55 |   131 |   206 ||   409
       Reflection        |       |       |       |       |     1 ||     1
